| TOP OF THE 1ST |
|
Pittsburgh Pirates batting - Pitching for St. Louis Cardinals : RHP Daniel Missaki
|
|
Pitching: RHP Daniel Missaki
|
|
|
Batting: RHB Chris Riley
|
0-0: Foul Ball, location: 9LDF 0-1: Ball 1-1: Ball 2-1: Ball 3-1: Called Strike 3-2: Strikes out swinging
|
|
Batting: SHB Juan Reyes
|
0-0: Ball 1-0: Ball 2-0: Called Strike 2-1: Ground out 6-3 (Groundball, 6, EV 108.1 MPH)
|
|
Batting: LHB Dave Murray
|
0-0: Ball 1-0: Called Strike 1-1: Foul Ball, location: 7LSF 1-2: Foul Ball, location: 2F 1-2: Foul Ball, location: 2F 1-2: Ball 2-2: Foul Ball, location: 23FF 2-2: Foul Ball, location: 2F 2-2: Strikes out looking
|
| Top of the 1st over - 0 runs, 0 hits, 0 errors, 0 left on base; Pittsburgh 0 - St. Louis 0 |
| BOTTOM OF THE 1ST |
|
St. Louis Cardinals batting - Pitching for Pittsburgh Pirates : RHP Luis Fernández
|
|
Pitching: RHP Luis Fernández
|
|
|
Batting: LHB Juan Encarnación
|
0-0: Ball 1-0: Foul Ball, location: 7LMF 1-1: Called Strike 1-2: Ball 2-2: SOLO HOME RUN (Flyball, 9D, EV 99.4 MPH), Distance : 377 ft
|
|
Batting: RHB Raúl Gómez
|
0-0: Called Strike 0-1: Called Strike 0-2: Ball 1-2: Strikes out looking
|
|
Batting: LHB Jason Heyward
|
0-0: Ball 1-0: Ball 2-0: Ball 3-0: Called Strike 3-1: Foul Ball, location: 5DF 3-2: Fly out, F6 (Popup, P, EV 75.6 MPH)
|
|
Batting: LHB Zak Taylor
|
0-0: Called Strike 0-1: Ball 1-1: Foul Ball, location: 2F 1-2: Strikes out swinging
|
| Bottom of the 1st over - 1 run, 1 hit, 0 errors, 0 left on base; Pittsburgh 0 - St. Louis 1 |
| TOP OF THE 2ND |
|
Pittsburgh Pirates batting - Pitching for St. Louis Cardinals : RHP Daniel Missaki
|
|
Batting: SHB Blake Swihart
|
0-0: Called Strike 0-1: Foul Ball, location: 5F 0-2: Strikes out looking
|
|
Batting: RHB Mauro Rodríguez
|
0-0: Fly out, F8 (Line Drive, 8LD, EV 94.4 MPH)
|
|
Batting: LHB Brad McBride
|
0-0: Ball 1-0: Called Strike 1-1: Ball 2-1: Fly out, F8 (Flyball, 8LXD, EV 106.3 MPH)
|
| Top of the 2nd over - 0 runs, 0 hits, 0 errors, 0 left on base; Pittsburgh 0 - St. Louis 1 |
| BOTTOM OF THE 2ND |
|
St. Louis Cardinals batting - Pitching for Pittsburgh Pirates : RHP Luis Fernández
|
|
Batting: RHB Sergio Cortés
|
0-0: Ball 1-0: Ball 2-0: Fly out, F2 (Popup, 23F, EV 85.0 MPH)
|
|
Batting: RHB Avery Romero
|
0-0: Ball 1-0: Foul Ball, location: 2F 1-1: Swinging Strike 1-2: Ball 2-2: Ball 3-2: Ground out 3-1 (Groundball, 34, EV 99.4 MPH)
|
|
Batting: RHB José Jiménez
|
0-0: Called Strike 0-1: Ball 1-1: Ball 2-1: Ground out U3 (Groundball, 3L, EV 84.4 MPH)
|
| Bottom of the 2nd over - 0 runs, 0 hits, 0 errors, 0 left on base; Pittsburgh 0 - St. Louis 1 |
| TOP OF THE 3RD |
|
Pittsburgh Pirates batting - Pitching for St. Louis Cardinals : RHP Daniel Missaki
|
|
Batting: LHB Tanner Norton
|
0-0: Foul Ball, location: 2F 0-1: Foul Ball, location: 25F 0-2: Ball 1-2: Ball 2-2: Strikes out swinging
|
|
Batting: RHB Yasiel Puig
|
0-0: Ball 1-0: Swinging Strike 1-1: SINGLE (Groundball, 23, EV 60.0 MPH) (infield hit)
|
|
Batting: RHB Brandon Martin
|
0-0: Sac Bunt to 23 - play at first, batter OUT! 3-4 Yasiel Puig to second
|
|
Batting: RHB Chris Riley
|
0-0: Ball 1-0: Ground out U3 (Groundball, 3S, EV 82.5 MPH)
|
| Top of the 3rd over - 0 runs, 1 hit, 0 errors, 1 left on base; Pittsburgh 0 - St. Louis 1 |
| BOTTOM OF THE 3RD |
|
St. Louis Cardinals batting - Pitching for Pittsburgh Pirates : RHP Luis Fernández
|
|
Batting: RHB Cristián Gómez
|
0-0: Ball 1-0: Called Strike 1-1: Ball 2-1: Called Strike 2-2: Strikes out looking
|
|
Batting: RHB Juan Álvarez
|
0-0: Ball 1-0: Called Strike 1-1: SINGLE (Line Drive, 89M, EV 91.9 MPH)
|
|
Batting: LHB Juan Encarnación
|
0-0: Called Strike Juan Álvarez steals 2nd base 0-1: Foul Ball, location: 2RF 0-2: Strikes out looking
|
|
Batting: RHB Raúl Gómez
|
0-0: Ball Passed Ball! Juan Álvarez to third 1-0: Ball 2-0: Called Strike 2-1: Ball 3-1: Called Strike 3-2: SINGLE (Groundball, 4, EV 106.9 MPH) Juan Álvarez scores
|
|
Batting: LHB Jason Heyward
|
0-0: Ball 1-0: Ball 2-0: Ball 3-0: Base on Balls Raúl Gómez to second
|
|
Batting: LHB Zak Taylor
|
0-0: Fly out, F7 (Flyball, 7D, EV 106.9 MPH)
|
| Bottom of the 3rd over - 1 run, 2 hits, 0 errors, 2 left on base; Pittsburgh 0 - St. Louis 2 |
| TOP OF THE 4TH |
|
Pittsburgh Pirates batting - Pitching for St. Louis Cardinals : RHP Daniel Missaki
|
|
Batting: SHB Juan Reyes
|
0-0: Foul Ball, location: 5SF 0-1: Ball 1-1: Swinging Strike 1-2: Ball 2-2: Ball 3-2: SINGLE (Groundball, 34D, EV 111.3 MPH)
|
|
Batting: LHB Dave Murray
|
0-0: Ball 1-0: Foul Ball, location: 23F 1-1: Ball 2-1: Foul Ball, location: 7LSF 2-2: Ball 3-2: Base on Balls Juan Reyes to second
|
|
Batting: SHB Blake Swihart
|
0-0: Grounds into double play, 6-4-3 (Groundball, 6, EV 106.9 MPH) Juan Reyes to third
|
|
Batting: RHB Mauro Rodríguez
|
0-0: Ball 1-0: Called Strike 1-1: Ground out 4-3 (Groundball, 4, EV 77.5 MPH)
|
| Top of the 4th over - 0 runs, 1 hit, 0 errors, 1 left on base; Pittsburgh 0 - St. Louis 2 |
| BOTTOM OF THE 4TH |
|
St. Louis Cardinals batting - Pitching for Pittsburgh Pirates : RHP Luis Fernández
|
|
Batting: RHB Sergio Cortés
|
0-0: Ball 1-0: Ground out 6-3 (Groundball, 6M, EV 105.0 MPH)
|
|
Batting: RHB Avery Romero
|
0-0: Foul Ball, location: 2F 0-1: Ball 1-1: Fly out, F8 (Flyball, 89D, EV 77.5 MPH)
|
|
Batting: RHB José Jiménez
|
0-0: Ground out 4-3 (Groundball, 4, EV 78.8 MPH)
|
| Bottom of the 4th over - 0 runs, 0 hits, 0 errors, 0 left on base; Pittsburgh 0 - St. Louis 2 |
| TOP OF THE 5TH |
|
Pittsburgh Pirates batting - Pitching for St. Louis Cardinals : RHP Daniel Missaki
|
|
Batting: LHB Brad McBride
|
0-0: DOUBLE (Line Drive, 9LS, EV 98.1 MPH)
|
|
Batting: LHB Tanner Norton
|
0-0: Hit by Pitch
|
|
Batting: RHB Yasiel Puig
|
0-0: Called Strike 0-1: Ball 1-1: Ball 2-1: SINGLE (Line Drive, 6M, EV 96.3 MPH) Brad McBride to third Tanner Norton to second
|
|
Batting: RHB Brandon Martin
|
0-0: Foul Ball, location: 2F 0-1: Foul Ball, location: 2F 0-2: Ball 1-2: Ball 2-2: Foul Ball, location: 25F 2-2: Strikes out looking
|
|
Batting: RHB Chris Riley
|
0-0: DOUBLE (Line Drive, 8LD, EV 105.0 MPH) Brad McBride scores Tanner Norton scores Yasiel Puig to third
|
|
Batting: SHB Juan Reyes
|
0-0: Ball 1-0: Called Strike 1-1: Called Strike 1-2: Strikes out swinging
|
|
Batting: LHB Dave Murray
|
0-0: Called Strike 0-1: Called Strike 0-2: DOUBLE (Line Drive, 78D, EV 103.1 MPH) Yasiel Puig scores Chris Riley scores
|
|
Batting: SHB Blake Swihart
|
0-0: Fly out, F6 (Popup, 6MD, EV 53.8 MPH)
|
| Top of the 5th over - 4 runs, 4 hits, 0 errors, 1 left on base; Pittsburgh 4 - St. Louis 2 |
| BOTTOM OF THE 5TH |
|
St. Louis Cardinals batting - Pitching for Pittsburgh Pirates : RHP Luis Fernández
|
|
Batting: RHB Cristián Gómez
|
0-0: Foul Ball, location: 7LMF 0-1: Ball 1-1: Fly out, F8 (Flyball, 8RM, EV 96.3 MPH)
|
|
Batting: RHB Juan Álvarez
|
0-0: Ball 1-0: Swinging Strike 1-1: Fly out, F8 (Flyball, 8RS, EV 82.5 MPH)
|
|
Batting: LHB Juan Encarnación
|
0-0: Ground out U3 (Groundball, 34, EV 89.4 MPH)
|
| Bottom of the 5th over - 0 runs, 0 hits, 0 errors, 0 left on base; Pittsburgh 4 - St. Louis 2 |
| TOP OF THE 6TH |
|
Pittsburgh Pirates batting - Pitching for St. Louis Cardinals : RHP Daniel Missaki
|
|
Batting: RHB Mauro Rodríguez
|
0-0: Ball 1-0: Ball 2-0: Ball 3-0: Called Strike 3-1: SINGLE (Line Drive, 6MD, EV 111.3 MPH)
|
|
Batting: LHB Brad McBride
|
0-0: Ball 1-0: Called Strike 1-1: Foul Ball, location: 7LMF 1-2: Foul Ball, location: 2F 1-2: Fly out, F8 (Flyball, 8LD, EV 101.9 MPH)
|
|
Batting: LHB Tanner Norton
|
0-0: Ball 1-0: SINGLE (Groundball, 4MD, EV 102.5 MPH) Mauro Rodríguez to second Runner from 2nd tries for 3rd, SAFE, throw by CF made to third Tanner Norton to second
|
|
Batting: RHB Yasiel Puig
|
0-0: Foul Ball, location: 2RF 0-1: Called Strike 0-2: Foul Ball, location: 5FF 0-2: Ball 1-2: SINGLE (Groundball, 6MD, EV 93.8 MPH) Mauro Rodríguez scores Tanner Norton to third Runner from 3rd tries for Home, SAFE, throw by CF to home
|
|
Pitching: RHP Jim Crocker
|
|
|
Batting: RHB Brandon Martin
|
0-0: Called Strike 0-1: Ball 1-1: Foul Ball, location: 5DF 1-2: Strikes out swinging
|
|
Batting: RHB Chris Riley
|
0-0: Ball 1-0: Called Strike 1-1: DOUBLE (Flyball, 8RXD, EV 100.6 MPH) Yasiel Puig to third Runner from 3rd tries for Home, SAFE, no throw by CF
|
|
Batting: SHB Juan Reyes
|
0-0: Ball 1-0: Ball 2-0: Called Strike 2-1: Ball 3-1: Ground out 5-3 (Groundball, 56, EV 92.5 MPH)
|
| Top of the 6th over - 3 runs, 4 hits, 0 errors, 1 left on base; Pittsburgh 7 - St. Louis 2 |
| BOTTOM OF THE 6TH |
|
St. Louis Cardinals batting - Pitching for Pittsburgh Pirates : RHP Luis Fernández
|
|
Batting: RHB Raúl Gómez
|
0-0: Foul Ball, location: 9LDF 0-1: Ball 1-1: Ball 2-1: Foul Ball, location: 3FF 2-2: Foul Ball, location: 9LSF 2-2: Strikes out swinging
|
|
Batting: LHB Jason Heyward
|
0-0: Called Strike 0-1: Called Strike 0-2: Ball 1-2: Ball 2-2: Ball 3-2: Fly out, F7 (Flyball, 7, EV 81.3 MPH)
|
|
Batting: LHB Zak Taylor
|
0-0: Ball 1-0: Foul Ball, location: 5SF 1-1: Swinging Strike 1-2: Strikes out swinging
|
| Bottom of the 6th over - 0 runs, 0 hits, 0 errors, 0 left on base; Pittsburgh 7 - St. Louis 2 |
| TOP OF THE 7TH |
|
Pittsburgh Pirates batting - Pitching for St. Louis Cardinals : RHP Jim Crocker
|
|
Batting: LHB Dave Murray
|
0-0: Called Strike 0-1: Ball 1-1: Foul Ball, location: 5SF 1-2: Strikes out looking
|
|
Batting: SHB Blake Swihart
|
0-0: Ball 1-0: Ball 2-0: Ball 3-0: Base on Balls
|
|
Batting: RHB Mauro Rodríguez
|
0-0: Called Strike 0-1: Ball 1-1: Ball Blake Swihart steals 2nd base 2-1: Ball 3-1: Foul Ball, location: 7LDF 3-2: Strikes out swinging
|
|
Batting: LHB Brad McBride
|
0-0: Fly out, F8 (Line Drive, 8LM, EV 97.5 MPH)
|
| Top of the 7th over - 0 runs, 0 hits, 0 errors, 1 left on base; Pittsburgh 7 - St. Louis 2 |
| BOTTOM OF THE 7TH |
|
St. Louis Cardinals batting - Pitching for Pittsburgh Pirates : RHP Luis Fernández
|
|
Batting: RHB Sergio Cortés
|
0-0: Ball 1-0: Fly out, F8 (Flyball, 8RS, EV 77.5 MPH)
|
|
Batting: RHB Avery Romero
|
0-0: Ball 1-0: Ball 2-0: Ball 3-0: Called Strike 3-1: Foul Ball, location: 23F 3-2: Strikes out swinging
|
|
Batting: RHB José Jiménez
|
0-0: Called Strike 0-1: Ball 1-1: Ball 2-1: Ball 3-1: Base on Balls
|
|
Pitching: RHP Aaron Sanchez
|
|
|
Batting: RHB Cristián Gómez
|
0-0: Ball 1-0: Called Strike 1-1: Called Strike 1-2: Ground out U3 (Groundball, 34, EV 100.6 MPH)
|
| Bottom of the 7th over - 0 runs, 0 hits, 0 errors, 1 left on base; Pittsburgh 7 - St. Louis 2 |
| TOP OF THE 8TH |
|
Pittsburgh Pirates batting - Pitching for St. Louis Cardinals : RHP Jim Crocker
|
|
Batting: LHB Tanner Norton
|
0-0: Foul Ball, location: 23F 0-1: Foul Ball, location: 2F 0-2: Hit by Pitch
|
|
Batting: RHB Yasiel Puig
|
0-0: Fly out, F7 (Line Drive, 7, EV 110.0 MPH)
|
|
Batting: RHB Brandon Martin
|
0-0: Foul Ball, location: 2F 0-1: Ball 1-1: Fielders Choice at 2nd, 5-4 (Groundball, 5L, EV 86.3 MPH)
|
|
Batting: RHB Chris Riley
|
0-0: Called Strike 0-1: Ball 1-1: Ball Brandon Martin steals 2nd base 2-1: Fly out, F9 (Line Drive, 9LM, EV 96.9 MPH)
|
| Top of the 8th over - 0 runs, 0 hits, 0 errors, 1 left on base; Pittsburgh 7 - St. Louis 2 |
| BOTTOM OF THE 8TH |
|
St. Louis Cardinals batting - Pitching for Pittsburgh Pirates : RHP Aaron Sanchez
|
|
Batting: RHB Juan Álvarez
|
0-0: Ball 1-0: Called Strike 1-1: Fly out, F8 (Line Drive, 8LM, EV 100.0 MPH)
|
|
Batting: LHB Juan Encarnación
|
0-0: Ball 1-0: Called Strike 1-1: Fly out, F7 (Flyball, 78M, EV 95.0 MPH)
|
|
Batting: RHB Raúl Gómez
|
0-0: Ball 1-0: Called Strike 1-1: Foul Ball, location: 7LSF 1-2: Ball 2-2: Strikes out swinging
|
| Bottom of the 8th over - 0 runs, 0 hits, 0 errors, 0 left on base; Pittsburgh 7 - St. Louis 2 |
| TOP OF THE 9TH |
|
Pittsburgh Pirates batting - Pitching for St. Louis Cardinals : RHP Jim Crocker
|
|
Pitching: RHP Cal Hewer
|
|
|
Batting: SHB Juan Reyes
|
0-0: Ball 1-0: Called Strike 1-1: Ball 2-1: Ball 3-1: Called Strike 3-2: Fly out, F4 (Popup, 4, EV 64.4 MPH)
|
|
Batting: LHB Dave Murray
|
0-0: Ball 1-0: Foul Ball, location: 2F 1-1: Ball 2-1: Ball 3-1: Called Strike 3-2: Foul Ball, location: 5FF 3-2: Base on Balls
|
|
Batting: SHB Blake Swihart
|
0-0: Ball 1-0: Swinging Strike 1-1: Called Strike 1-2: Ball 2-2: Strikes out swinging
|
|
Batting: RHB Mauro Rodríguez
|
0-0: Called Strike 0-1: Ball 1-1: Ball 2-1: SINGLE (Flyball, 78S, EV 84.4 MPH) Dave Murray to second
|
|
Batting: LHB Brad McBride
|
0-0: Ball 1-0: Reached on error, E4 (Groundball, 4, EV 86.9 MPH) Dave Murray to third Mauro Rodríguez to second
|
|
Batting: LHB Tanner Norton
|
0-0: Fly out, F3 (Popup, 34S, EV 75.6 MPH)
|
| Top of the 9th over - 0 runs, 1 hit, 1 error, 3 left on base; Pittsburgh 7 - St. Louis 2 |
| BOTTOM OF THE 9TH |
|
St. Louis Cardinals batting - Pitching for Pittsburgh Pirates : RHP Aaron Sanchez
|
|
Batting: LHB Jason Heyward
|
0-0: Swinging Strike 0-1: Foul Ball, location: 5FF 0-2: Ball 1-2: Foul Ball, location: 7LSFF 1-2: Ball 2-2: Fly out, F9 (Flyball, 9D, EV 101.9 MPH)
|
|
Batting: LHB Zak Taylor
|
0-0: Called Strike 0-1: Ball 1-1: Fly out, F7 (Flyball, 7LM, EV 75.6 MPH)
|
|
Batting: RHB Sergio Cortés
|
0-0: Swinging Strike 0-1: Ball 1-1: Ball 2-1: SINGLE (Line Drive, 89S, EV 100.6 MPH)
|
|
Batting: RHB Avery Romero
|
0-0: Ball 1-0: Foul Ball, location: 3F 1-1: Swinging Strike 1-2: Strikes out swinging
|
| Bottom of the 9th over - 0 runs, 1 hit, 0 errors, 1 left on base; Pittsburgh 7 - St. Louis 2 |
|